Map: Graystone Ravine

Players

Ekelpack

  • Race: Zerg Zerg
  • Spawn Location: 3:00

Nyck

  • Race: Terran Terran
  • Spawn Location: 5:00

cis - Winner!

  • Race: Zerg Zerg
  • League: Platinum
  • Spawn Location: 9:00

GXG - Winner!

  • Race: Zerg Zerg
  • League: Master
  • Spawn Location: 11:00

VOD

Have the link to the VOD?

Description

Time

  • Played on: Oct. 8, 2024, 12:38 p.m.
  • Length: 5:05
Show
View Real Time Build Order
Export as new Build Order

Ekelpack Zerg 

Build Orders: 3 Hatch before Pool 

Get SALT Encoding   

  12  0:00  Drone  
  13  0:12  Overlord  
  13  0:18  Drone  
  14  0:31  Drone x2  
  16  0:51  Hatchery  
  16  0:55  Drone  
  17  1:08  Hatchery  
  16  1:13  Spawning Pool  
  16  1:17  Drone  
  16  1:23  Extractor  
  16  1:24  Drone  
  16  1:31  Drone x2  
  18  1:53  Overlord  
  18  2:00  Queen  
  20  2:01  Zergling x4  
  22  2:23  Queen  
  22  2:25  Drone  
  22  2:27  Metabolic Boost  
  25  2:31  Drone x3  
  25  3:03  Zergling x4  
  25  3:04  Zergling x2  
  24  3:09  Queen  
  22  3:24  Zergling x6  
  25  3:45  Drone  
  26  3:52  Drone x3  
  23  4:17  Zergling x6  
  23  4:18  Zergling x2  
  18  4:31  Zergling x6  
  18  4:32  Zergling x2  
Show
View Real Time Build Order
Export as new Build Order

Nyck Terran 

Build Orders: 2 Factory 

Get SALT Encoding   

  12  0:00  SCV  
  13  0:12  SCV  
  14  0:18  Supply Depot  
  14  0:24  SCV  
  15  0:41  Barracks  
  15  0:42  SCV  
  16  0:47  Refinery  
  16  0:55  SCV, Refinery  
  17  1:07  SCV  
  18  1:21  SCV  
  19  1:29  Reaper  
  19  1:32  Barracks  
  20  1:34  SCV  
  20  1:38  Barracks  
  21  1:58  Supply Depot  
  21  1:59  SCV  
  22  2:12  SCV  
  23  2:22  Marine x2, Factory  
  25  2:39  Marine  
  25  2:42  Orbital Command  
  25  2:44  Marine x2  
  27  2:57  Marine  
  28  3:01  Marine  
  28  3:04  Marine  
  30  3:11  SCV  
  31  3:16  Factory Reactor  
  31  3:18  Factory  
  31  3:38  Supply Depot  
  31  3:46  Barracks Tech Lab  
  31  3:48  Barracks Tech Lab  
  31  3:51  Barracks Reactor  
  31  4:00  SCV, Hellion x2  
  31  4:02  Supply Depot  
  30  4:22  Hellion x2  
  30  4:23  Marine  
  30  4:24  Marine  
  34  4:37  Marine x2  
  36  4:41  Marine x2  
  34  4:47  SCV  
Show
View Real Time Build Order
Export as new Build Order

cis Zerg - Winner!

Build Orders: Hatch First, Zergling Baneling 

Get SALT Encoding   

  12  0:00  Drone  
  13  0:09  Drone  
  14  0:51  Hatchery  
  13  0:59  Spawning Pool, Drone x2  
  15  1:18  Overlord  
  15  1:25  Overlord, Extractor  
  14  1:50  Zergling x6  
  14  1:51  Queen  
  19  2:02  Zergling x2  
  20  2:13  Zergling x2  
  21  2:28  Hatchery, Zergling x2  
  21  2:31  Metabolic Boost  
  21  2:39  Drone  
  19  3:10  Zergling x10  
  22  3:26  Zergling x2  
  22  3:29  Drone  
  23  3:39  Baneling Nest  
  23  3:40  Drone  
  23  3:42  Drone  
  23  3:43  Queen  
  26  4:03  Zergling x2  
  24  4:19  Zergling x4  
  24  4:20  Zergling x8  
  24  4:23  Baneling  
  30  4:24  Baneling x5  
  30  4:25  Baneling x2  
  30  4:26  Zergling x2  
  29  4:51  Drone  
Show
View Real Time Build Order
Export as new Build Order

GXG Zerg - Winner!

Build Orders: Pool First 

Get SALT Encoding   

  12  0:02  Drone  
  13  0:10  Drone  
  14  0:33  Spawning Pool  
  14  0:34  Drone  
  14  0:59  Hatchery  
  13  1:04  Drone  
  13  1:06  Extractor  
  13  1:08  Extractor  
  13  1:09  Drone  
  13  1:10  Drone  
  15  1:16  Overlord  
  15  1:31  Overlord  
  15  1:41  Zergling x2  
  16  1:49  Zergling x2  
  16  1:50  Queen  
  19  1:59  Zergling x2  
  20  2:08  Metabolic Boost  
  20  2:13  Zergling x4  
  22  2:21  Zergling x2  
  23  2:25  Zergling x2  
  22  3:10  Zergling x10  
  22  3:11  Zergling x6  
  29  3:24  Zergling x4  
  29  3:25  Zergling x2  
  29  3:33  Zergling x2  
  29  3:34  Zergling x2  
  31  3:39  Lair  
  31  3:45  Extractor  
  31  3:46  Drone, Roach Warren  
  30  3:59  Drone x2  
  30  4:02  Drone  
Tags
 
Add a new tag
Caveats
  • Supply blocks, unpowered buildings, or Contaminate may cause inaccurate times.
  • Supply counts are checked every 10 seconds.